Maple Leafs vs Red Wings
Created - July 21, 2022 at 21:28
Goals
|
| Maple Leafs |
0 |
2 |
1 |
3 |
| Red Wings |
1 |
1 |
2 |
4 |
|
Shots
|
| Maple Leafs |
14 |
10 |
3 |
27 |
| Red Wings |
12 |
14 |
15 |
41 |
|
1st period
1. Red Wings , Dylan Larkin 2 (Ryan O'Byrne 5) at 4:17
Penalties :
No Penalty
2nd period
2. Maple Leafs , Patrice Cormier 2 (Zach Werenski 9, John Klingberg 4) at 6:24
3. Red Wings , Connor Brown 2 (Mike Richards 1) at 6:42
4. Maple Leafs , Scott Hartnell 2 (Hampus Lindholm 5, John Gibson) at 17:00 (PP)
Penalties :
Ryan Parent (TOR) for Boarding (Minor) at 9:57, Ole-Kristian Tollefsen (Det) for High sticking (Minor) at 15:22
3rd period
5. Red Wings , T.J. Hensick 4 (Jordin Tootoo 1) at 5:42
6. Red Wings , Mike Richards 1 (Kris Versteeg 2) at 8:21 (PP)
7. Maple Leafs , Evgeni Malkin 2 (Claude Giroux 8) at 16:32 (PP)
Penalties :
Brandon Saad (TOR) for Hooking (Minor) at 7:45, Tye McGinn (Det) for Tripping (Minor) at 16:29, Nick Ritchie (TOR) for Roughing (Minor) at 18:10
Goalie Stats
John Gibson (TOR), 37 saves from 41 shots - (0.902), L, 4-4-0, 60:00 minutes
Robin Lehner (Det), 24 saves from 27 shots - (0.889), W, 6-2-1, 60:00 minutes
Players Stats for Maple Leafs
Player Name G A P +/- PIM S H SB GA TA FO MP PP MP PK MP
------------------------------------------------------------------------------------
Andre Burakovsky 0 0 0 -1 0 3 1 1 0 0 1/1 20:36 1:13 0:00
Bo Horvat 0 0 0 0 0 0 2 0 0 0 5/6 13:07 0:00 0:33
Brandon Saad 0 0 0 0 2 2 0 0 0 0 0/0 8:37 0:00 0:34
Brayden Schenn 0 0 0 -1 0 2 0 0 0 0 7/17 17:50 1:13 2:43
Braydon Coburn 0 0 0 -2 0 1 1 0 0 1 0/0 21:10 0:00 2:26
Claude Giroux 0 1 1 -1 0 4 1 1 0 1 2/3 20:59 0:28 1:08
Evgeni Malkin 1 0 1 -1 0 6 2 0 1 0 15/24 19:51 0:28 0:00
Hampus Lindholm 0 1 1 1 0 0 2 0 1 0 0/0 15:37 1:41 1:58
John Klingberg 0 1 1 -1 0 0 1 1 0 1 0/0 26:24 0:00 1:58
Jon Merrill 0 0 0 -2 0 1 0 1 0 1 0/0 19:58 0:00 2:26
JT Compher 0 0 0 -1 0 0 0 0 0 0 1/1 13:53 0:00 0:00
Michael Frolik 0 0 0 0 0 3 2 0 1 0 0/1 13:02 0:28 0:00
Nick Ritchie 0 0 0 -1 2 0 3 0 0 0 0/0 13:48 0:00 0:00
Patrice Cormier 1 0 1 0 0 1 1 0 0 0 1/1 9:12 0:00 1:08
Pontus Aberg 0 0 0 0 0 0 2 0 0 0 0/0 8:04 0:00 0:00
Ryan Parent 0 0 0 1 2 0 1 2 0 0 0/0 11:57 0:00 0:00
Scott Hartnell 1 0 1 0 0 3 0 1 0 0 1/2 16:34 1:13 2:42
Zach Werenski 0 1 1 -1 0 1 1 1 1 2 0/0 24:54 1:41 0:00
Players Stats for Red Wings
Player Name G A P +/- PIM S H SB GA TA FO MP PP MP PK MP
------------------------------------------------------------------------------------
Carson Mcmillan 0 0 0 0 0 2 1 0 0 0 0/1 12:29 0:00 0:51
Connor Brown 1 0 1 1 0 6 2 1 0 0 0/0 15:56 1:51 0:00
Drew Fata 0 0 0 0 0 0 2 2 0 0 0/0 19:38 2:41 0:51
Dylan Larkin 1 0 1 0 0 4 0 0 0 1 1/6 13:38 1:43 0:00
Henrik Zetterberg 0 0 0 0 0 5 3 0 1 0 11/25 21:11 2:33 0:00
Jakub Kindl 0 0 0 0 0 1 0 0 0 0 0/0 15:48 0:00 0:00
Jiri Fischer 0 0 0 0 0 2 2 1 0 0 0/0 16:38 0:00 0:50
Jordin Tootoo 0 1 1 1 0 2 1 0 1 1 0/0 9:34 0:00 0:00
Kris Versteeg 0 1 1 1 0 1 2 1 0 0 0/3 16:47 1:51 0:51
Marko Dano 0 0 0 0 0 3 2 0 0 1 0/0 21:11 2:33 0:00
Michael Haley 0 0 0 1 0 1 0 0 0 0 0/0 10:24 0:00 0:50
Mike Richards 1 1 2 1 0 2 1 1 2 0 6/14 15:56 1:51 0:00
Nino Niederreiter 0 0 0 0 0 4 4 2 0 0 0/1 21:11 2:33 0:00
Ole-Kristian Tollefsen 0 0 0 0 2 0 1 0 0 0 0/0 18:05 1:43 0:00
Philip Samuelsson 0 0 0 2 0 0 2 0 1 0 0/0 25:15 2:41 0:50
Ryan O'Byrne 0 1 1 2 0 2 1 2 0 1 0/0 22:35 0:00 0:51
T.J. Hensick 1 0 1 1 0 5 1 0 1 0 3/4 10:24 0:00 0:50
Tye McGinn 0 0 0 0 2 1 1 1 0 0 2/2 11:37 0:00 0:00
3 Stars
1 - Mike Richards (Det)
2 - Connor Brown (Det)
3 - T.J. Hensick (Det)
Power Play
Maple Leafs - 2 on 2 Attempt(s) - 100.00%
Red Wings - 1 on 3 Attempt(s) - 33.33%
Penalty Kill
Maple Leafs - 2 on 3 Attempt(s) - 66.67%
- Score 0 goal in Penalty Kill
Red Wings - 0 on 2 Attempt(s) - 0.00%
- Score 0 goal in Penalty Kill
Team Stat
Maple Leafs - Hits : 20 - Faceoff Wins : 33 - Blocked Shots : 8 - Penalty Minutes : 6
Red Wings - Hits : 26 - Faceoff Wins : 23 - Blocked Shots : 11 - Penalty Minutes : 4
Official
Referees : Tom Chmielewski and Brian Pochmara
Linesman : Kyle Flemington and Brad Kovachik
Game Notes
No Game Note
Finance
Level 1 -- Attendance: 6000 (100.00%) -- Ticket Income $600,000
Level 2 -- Attendance: 5000 (100.00%) -- Ticket Income $300,000
Level 3 -- Attendance: 2000 (100.00%) -- Ticket Income $70,000
Level 4 -- Attendance: 4000 (100.00%) -- Ticket Income $100,000
Luxury Box -- Attendance: 1000 (100.00%) -- Ticket Income $200,000
Game was played at the Little Caesars arena.
Total Attendance: 18000 (100.00%)
Total Ticket Income: $1,270,000
Other Income: $190,500
Total Income: $1,460,500
Maple Leafs
5 vs 5 Forward
Center Left Wing Right Wing Time % Phy DF OF
1 Evgeni Malkin Claude Giroux Andre Burakovsky 40 1 2 2
2 Brayden Schenn Nick Ritchie JT Compher 30 1 2 2
3 Bo Horvat Scott Hartnell Michael Frolik 20 1 2 2
4 Patrice Cormier Brandon Saad Pontus Aberg 10 1 2 2
5 vs 5 Defense
Defense Defense Time % Phy DF OF
1 John Klingberg Zach Werenski 40 1 2 2
2 Jon Merrill Braydon Coburn 30 1 2 2
3 Ryan Parent Hampus Lindholm 20 1 2 2
4 Zach Werenski John Klingberg 10 1 2 2
PowerPlay Forward
Center Left Wing Right Wing Time % Phy DF OF
1 Evgeni Malkin Claude Giroux Michael Frolik 60 1 2 2
2 Brayden Schenn Scott Hartnell Andre Burakovsky 40 1 2 2
PowerPlay Defense
Defense Defense Time % Phy DF OF
1 Hampus Lindholm Zach Werenski 60 1 2 2
2 Jon Merrill John Klingberg 40 1 2 2
Penalty Kill 4 Players Forward
Center Wing Time % Phy DF OF
1 Brayden Schenn Scott Hartnell 60 1 2 2
2 Patrice Cormier Claude Giroux 40 1 2 2
Penalty Kill 4 Players Defense
Defense Defense Time % Phy DF OF
1 Jon Merrill Braydon Coburn 60 1 2 2
2 Hampus Lindholm John Klingberg 40 1 2 2
Penalty Kill - 3 Players Forward
Forward Time % Phy DF OF
1 Patrice Cormier 60 1 2 2
2 Brayden Schenn 40 1 2 2
Penalty Kill - 3 Players Defense
Defense Defense Time % Phy DF OF
1 Braydon Coburn Jon Merrill 60 1 2 2
2 Hampus Lindholm John Klingberg 40 1 2 2
4 vs 4 Forward
Center Wing Time % Phy DF OF
1 Brayden Schenn Claude Giroux 60 1 2 2
2 Evgeni Malkin Andre Burakovsky 40 1 2 2
4 vs 4 Defense
Defense Defense Time % Phy DF OF
1 Hampus Lindholm John Klingberg 60 1 2 2
2 Jon Merrill Braydon Coburn 40 1 2 2
Last Minutes Offensive
Center Left Wing Right Wing Defense Defense
Evgeni Malkin Claude Giroux Andre Burakovsky Hampus Lindholm John Klingberg
Last Minutes Defensive
Center Left Wing Right Wing Defense Defense
Brayden Schenn Claude Giroux Andre Burakovsky Braydon Coburn Jon Merrill
Goaltenders
Starting : John Gibson
Backup : Martin Jones
Extra Forwards
Normal : Scott Hartnell, Bo Horvat, Claude Giroux - PP : Scott Hartnell, Bo Horvat - PK : Scott Hartnell
Extra Defensemen
Normal : Hampus Lindholm, Braydon Coburn, Zach Werenski - PP : Braydon Coburn - PK : Braydon Coburn, Ryan Parent
Penalty Shots
Claude Giroux, Andre Burakovsky, Scott Hartnell, Michael Frolik, Evgeni Malkin
Scratches
Beau Bennett (Healthy), Mike Cammalleri (Lower Body Injury)
Red Wings
5 vs 5 Forward
Center Left Wing Right Wing Time % Phy DF OF
1 Henrik Zetterberg Marko Dano Nino Niederreiter 40 1 2 2
2 Mike Richards Kris Versteeg Connor Brown 30 1 2 2
3 Dylan Larkin Tye McGinn Carson Mcmillan 20 1 2 2
4 T.J. Hensick Michael Haley Jordin Tootoo 10 1 2 2
5 vs 5 Defense
Defense Defense Time % Phy DF OF
1 Philip Samuelsson Ryan O'Byrne 40 1 2 2
2 Drew Fata Ole-Kristian Tollefsen 30 1 2 2
3 Jakub Kindl Jiri Fischer 20 1 2 2
4 Jakub Kindl Jiri Fischer 10 1 2 2
PowerPlay Forward
Center Left Wing Right Wing Time % Phy DF OF
1 Henrik Zetterberg Marko Dano Nino Niederreiter 60 2 1 2
2 Mike Richards Kris Versteeg Connor Brown 40 2 1 2
PowerPlay Defense
Defense Defense Time % Phy DF OF
1 Philip Samuelsson Drew Fata 60 1 2 2
2 Dylan Larkin Ole-Kristian Tollefsen 40 1 2 2
Penalty Kill 4 Players Forward
Center Wing Time % Phy DF OF
1 Kris Versteeg Carson Mcmillan 60 0 4 1
2 T.J. Hensick Michael Haley 40 0 4 1
Penalty Kill 4 Players Defense
Defense Defense Time % Phy DF OF
1 Ryan O'Byrne Drew Fata 60 1 4 0
2 Philip Samuelsson Ole-Kristian Tollefsen 40 1 4 0
Penalty Kill - 3 Players Forward
Forward Time % Phy DF OF
1 Carson Mcmillan 60 1 4 0
2 Michael Haley 40 1 4 0
Penalty Kill - 3 Players Defense
Defense Defense Time % Phy DF OF
1 Ole-Kristian Tollefsen Ryan O'Byrne 60 0 5 0
2 Philip Samuelsson Drew Fata 40 0 5 0
4 vs 4 Forward
Center Wing Time % Phy DF OF
1 Henrik Zetterberg Marko Dano 55 1 2 2
2 Nino Niederreiter Connor Brown 45 1 2 2
4 vs 4 Defense
Defense Defense Time % Phy DF OF
1 Philip Samuelsson Ole-Kristian Tollefsen 60 1 2 2
2 Drew Fata Jiri Fischer 40 1 2 2
Last Minutes Offensive
Center Left Wing Right Wing Defense Defense
Henrik Zetterberg Marko Dano Nino Niederreiter Philip Samuelsson Connor Brown
Last Minutes Defensive
Center Left Wing Right Wing Defense Defense
T.J. Hensick Michael Haley Carson Mcmillan Ryan O'Byrne Drew Fata
Goaltenders
Starting : Robin Lehner
Backup : Mike McKenna
Extra Forwards
Normal : Dylan Larkin, Connor Brown, Nino Niederreiter - PP : T.J. Hensick, Carson Mcmillan - PK : Nino Niederreiter
Extra Defensemen
Normal : Philip Samuelsson, Drew Fata, Ryan O'Byrne - PP : Jiri Fischer - PK : Jiri Fischer, Jakub Kindl
Penalty Shots
Kris Versteeg, Dylan Larkin, Marko Dano, Nino Niederreiter, Carson Mcmillan
Scratches
David Krejci (Healthy), David Rundblad (Healthy), Ryane Clowe (Healthy)
% Time on Ice - Maple Leafs
Lines # - Real PCT - Wanted PCT - Time Play
Normal Forward
1 - 36% - 40% - 19:24
2 - 26% - 30% - 13:53
3 - 23% - 20% - 12:34
4 - 15% - 10% - 8:04
Normal Defense
1 - 37% - 40% - 20:13
2 - 33% - 30% - 17:33
3 - 22% - 20% - 11:57
4 - 8% - 10% - 4:12
PP Forward
1 - 28% - 60% - 0:28
2 - 72% - 40% - 1:13
PP Defense
1 - 100% - 60% - 1:41
2 - 0% - 40% - 0:00
PK Forward
1 - 74% - 60% - 3:16
2 - 26% - 40% - 1:08
PK Defense
1 - 55% - 60% - 2:26
2 - 45% - 40% - 1:58
PK3 Forward
1 - 0% - 60%
2 - 0% - 40%
PK3 Defense
1 - 0% - 60%
2 - 0% - 40%
44 Forward
1 - 0% - 60%
2 - 0% - 40%
44 Defense
1 - 0% - 60%
2 - 0% - 40%
Last Minute Offensive - 0:00
Last Minute Defensive - 0:00
Total
Forward - 60:00
Defense - 60:00
|
% Time on Ice - Red Wings
Lines # - Real PCT - Wanted PCT - Time Play
Normal Forward
1 - 35% - 40% - 18:38
2 - 26% - 30% - 14:05
3 - 22% - 20% - 11:38
4 - 18% - 10% - 9:34
Normal Defense
1 - 40% - 40% - 21:44
2 - 30% - 30% - 16:23
3 - 20% - 20% - 10:59
4 - 9% - 10% - 4:49
PP Forward
1 - 58% - 60% - 2:33
2 - 42% - 40% - 1:51
PP Defense
1 - 61% - 60% - 2:41
2 - 39% - 40% - 1:43
PK Forward
1 - 50% - 60% - 0:51
2 - 50% - 40% - 0:50
PK Defense
1 - 50% - 60% - 0:51
2 - 50% - 40% - 0:50
PK3 Forward
1 - 0% - 60%
2 - 0% - 40%
PK3 Defense
1 - 0% - 60%
2 - 0% - 40%
44 Forward
1 - 0% - 55%
2 - 0% - 45%
44 Defense
1 - 0% - 60%
2 - 0% - 40%
Last Minute Offensive - 0:00
Last Minute Defensive - 0:00
Total
Forward - 60:00
Defense - 60:00
|
Play-by-Play
1st period
0:01 of 1st period - Henrik Zetterberg wins face-off versus Evgeni Malkin in neutral zone.
0:10 of 1st period - Wrist shot by Nino Niederreiter.
0:10 of 1st period - Stopped by John Gibson with a rebound.
0:12 of 1st period - Wrist shot by Marko Dano.
0:12 of 1st period - Stopped by John Gibson with a rebound.
0:19 of 1st period - Icing by Evgeni Malkin.
0:20 of 1st period - Mike Richards wins face-off versus Evgeni Malkin in Maple Leafs zone.
0:47 of 1st period - Zach Werenski is hit by Jordin Tootoo and loses puck.
1:16 of 1st period - Jon Merrill is hit by Ole-Kristian Tollefsen and loses puck.
1:30 of 1st period - Off-side.
1:31 of 1st period - Henrik Zetterberg wins face-off versus Brayden Schenn in neutral zone.
1:41 of 1st period - Snap shot by Nino Niederreiter.
1:41 of 1st period - Shot Misses the Net.
2:01 of 1st period - Snap shot by Nino Niederreiter.
2:01 of 1st period - Stopped by John Gibson with a rebound.
2:34 of 1st period - Snap shot by Nick Ritchie.
2:34 of 1st period - Shot Misses the Net.
2:52 of 1st period - Slapshot by Brayden Schenn.
2:52 of 1st period - Stopped by Robin Lehner without a rebound.
2:53 of 1st period - Mike Richards wins face-off versus Michael Frolik in Red Wings zone.
3:26 of 1st period - Slapshot by John Klingberg.
3:26 of 1st period - Deflect By Brandon Saad.
3:26 of 1st period - Stopped by Robin Lehner with a rebound.
4:12 of 1st period - Jon Merrill is hit by Tye McGinn and loses puck.
4:17 of 1st period - Snap shot by Dylan Larkin.
4:17 of 1st period - Goal by Dylan Larkin - Maple Leafs : 0 - Red Wings : 1.
4:18 of 1st period - Bo Horvat wins face-off versus Mike Richards in neutral zone.
5:11 of 1st period - Brayden Schenn is hit by Nino Niederreiter.
5:15 of 1st period - Backhand shot by John Klingberg.
5:15 of 1st period - Shot Misses the Net.
5:37 of 1st period - Snap shot by T.J. Hensick.
5:37 of 1st period - Stopped by John Gibson without a rebound.
5:38 of 1st period - Bo Horvat wins face-off versus Mike Richards in Maple Leafs zone.
5:47 of 1st period - Snap shot by Scott Hartnell.
5:47 of 1st period - Stopped by Robin Lehner with a rebound.
5:49 of 1st period - Snap shot by Bo Horvat.
5:49 of 1st period - Shot Blocked by Mike Richards.
5:51 of 1st period - Slapshot by Michael Frolik.
5:51 of 1st period - Shot Misses the Net.
5:53 of 1st period - Slapshot by Jon Merrill.
5:53 of 1st period - Shot Blocked by Drew Fata.
6:03 of 1st period - Claude Giroux is hit by Henrik Zetterberg and loses puck.
6:15 of 1st period - Off-side.
6:16 of 1st period - JT Compher wins face-off versus Mike Richards in neutral zone.
6:42 of 1st period - Snap shot by Marko Dano.
6:42 of 1st period - Shot Misses the Net.
6:54 of 1st period - Snap shot by Brayden Schenn.
6:54 of 1st period - Shot Misses the Net.
6:56 of 1st period - Slapshot by Zach Werenski.
6:56 of 1st period - Shot Blocked by Nino Niederreiter.
7:10 of 1st period - Snap shot by Nick Ritchie.
7:10 of 1st period - Shot Hit the Post.
7:46 of 1st period - Wrist shot by Nick Ritchie.
7:46 of 1st period - Shot Misses the Net.
7:48 of 1st period - Slapshot by Zach Werenski.
7:48 of 1st period - Deflect By Brayden Schenn.
7:48 of 1st period - Shot Misses the Net.
7:48 of 1st period - Puck is out of play.
7:49 of 1st period - Mike Richards wins face-off versus Evgeni Malkin in Red Wings zone.
8:21 of 1st period - Off-side.
8:22 of 1st period - Bo Horvat wins face-off versus Dylan Larkin in neutral zone.
8:27 of 1st period - Snap shot by Scott Hartnell.
8:27 of 1st period - Stopped by Robin Lehner without a rebound.
8:28 of 1st period - Evgeni Malkin wins face-off versus Dylan Larkin in Red Wings zone.
8:31 of 1st period - Snap shot by Evgeni Malkin.
8:31 of 1st period - Stopped by Robin Lehner with a rebound.
8:33 of 1st period - Wrist shot by Claude Giroux.
8:33 of 1st period - Stopped by Robin Lehner with a rebound.
8:35 of 1st period - Slapshot by Ryan Parent.
8:35 of 1st period - Deflect By Claude Giroux.
8:35 of 1st period - Stopped by Robin Lehner without a rebound.
8:36 of 1st period - Evgeni Malkin wins face-off versus Mike Richards in Red Wings zone.
9:03 of 1st period - Ryan O'Byrne is hit by Bo Horvat and loses puck.
11:02 of 1st period - Off-side.
11:03 of 1st period - Claude Giroux wins face-off versus T.J. Hensick in neutral zone.
11:30 of 1st period - Snap shot by Jordin Tootoo.
11:30 of 1st period - Shot Misses the Net.
12:01 of 1st period - Icing by Philip Samuelsson.
12:02 of 1st period - Henrik Zetterberg wins face-off versus Evgeni Malkin in Red Wings zone.
12:12 of 1st period - Icing by Ryan O'Byrne.
12:13 of 1st period - Claude Giroux wins face-off versus Henrik Zetterberg in Red Wings zone.
12:16 of 1st period - Snap shot by Claude Giroux.
12:16 of 1st period - Shot Blocked by Nino Niederreiter.
12:18 of 1st period - Snap shot by Evgeni Malkin.
12:18 of 1st period - Stopped by Robin Lehner with a rebound.
12:20 of 1st period - Wrist shot by Andre Burakovsky.
12:20 of 1st period - Stopped by Robin Lehner with a rebound.
12:22 of 1st period - Slapshot by John Klingberg.
12:22 of 1st period - Shot Misses the Net.
12:24 of 1st period - Slapshot by Zach Werenski.
12:24 of 1st period - Deflect By Ryan O'Byrne.
12:24 of 1st period - Stopped by Robin Lehner with a rebound.
12:26 of 1st period - Snap shot by Zach Werenski.
12:26 of 1st period - Shot Misses the Net.
13:07 of 1st period - Snap shot by Dylan Larkin.
13:07 of 1st period - Stopped by John Gibson with a rebound.
13:11 of 1st period - Wrist shot by Dylan Larkin.
13:11 of 1st period - Stopped by John Gibson with a rebound.
13:37 of 1st period - Snap shot by Patrice Cormier.
13:37 of 1st period - Deflect By Brandon Saad.
13:37 of 1st period - Shot Blocked by Jiri Fischer.
13:37 of 1st period - Puck is out of play.
13:38 of 1st period - Evgeni Malkin wins face-off versus Mike Richards in Red Wings zone.
14:05 of 1st period - Ole-Kristian Tollefsen is hit by Hampus Lindholm and loses puck.
14:12 of 1st period - Wrist shot by Brayden Schenn.
14:12 of 1st period - Shot Hit the Post.
14:34 of 1st period - Snap shot by Michael Frolik.
14:34 of 1st period - Shot Misses the Net.
15:18 of 1st period - Slapshot by Connor Brown.
15:18 of 1st period - Shot Blocked by Claude Giroux.
15:30 of 1st period - Snap shot by T.J. Hensick.
15:30 of 1st period - Shot Blocked by Ryan Parent.
15:32 of 1st period - Wrist shot by Jiri Fischer.
15:32 of 1st period - Stopped by John Gibson without a rebound.
15:33 of 1st period - T.J. Hensick wins face-off versus Brayden Schenn in Maple Leafs zone.
15:36 of 1st period - Wrist shot by T.J. Hensick.
15:36 of 1st period - Stopped by John Gibson without a rebound.
15:37 of 1st period - T.J. Hensick wins face-off versus Brayden Schenn in Maple Leafs zone.
15:38 of 1st period - Wrist shot by Jordin Tootoo.
15:38 of 1st period - Stopped by John Gibson without a rebound.
15:39 of 1st period - Brayden Schenn wins face-off versus Mike Richards in Maple Leafs zone.
16:17 of 1st period - Off-side.
16:18 of 1st period - Bo Horvat wins face-off versus Carson Mcmillan in neutral zone.
16:20 of 1st period - Off-side.
16:21 of 1st period - Tye McGinn wins face-off versus Bo Horvat in neutral zone.
16:56 of 1st period - Snap shot by Evgeni Malkin.
16:56 of 1st period - Stopped by Robin Lehner with a rebound.
16:58 of 1st period - Snap shot by Evgeni Malkin.
16:58 of 1st period - Stopped by Robin Lehner with a rebound.
17:00 of 1st period - Wrist shot by Andre Burakovsky.
17:00 of 1st period - Stopped by Robin Lehner with a rebound.
17:34 of 1st period - Slapshot by Carson Mcmillan.
17:34 of 1st period - Stopped by John Gibson without a rebound.
17:35 of 1st period - Evgeni Malkin wins face-off versus Dylan Larkin in Maple Leafs zone.
17:50 of 1st period - Wrist shot by Claude Giroux.
17:50 of 1st period - Stopped by Robin Lehner with a rebound.
17:52 of 1st period - Snap shot by Evgeni Malkin.
17:52 of 1st period - Shot Blocked by Tye McGinn.
19:27 of 1st period - Wrist shot by Mike Richards.
19:27 of 1st period - Stopped by John Gibson without a rebound.
19:28 of 1st period - Brayden Schenn wins face-off versus Henrik Zetterberg in Maple Leafs zone.
Goals for this period are 0 for Maple Leafs vs 1 for Red Wings.
Shots for this period are 14 for Maple Leafs vs 12 for Red Wings.
2nd period
0:01 of 2nd period - Henrik Zetterberg wins face-off versus Evgeni Malkin in neutral zone.
0:04 of 2nd period - Evgeni Malkin is hit by Nino Niederreiter and loses puck.
0:26 of 2nd period - JT Compher is hit by Mike Richards and loses puck.
0:39 of 2nd period - Snap shot by Connor Brown.
0:39 of 2nd period - Stopped by John Gibson without a rebound.
0:40 of 2nd period - Dylan Larkin wins face-off versus Scott Hartnell in Maple Leafs zone.
1:07 of 2nd period - Marko Dano is hit by Evgeni Malkin and loses puck.
1:46 of 2nd period - Jordin Tootoo is hit by Pontus Aberg and loses puck.
2:17 of 2nd period - Jakub Kindl is hit by Michael Frolik and loses puck.
2:45 of 2nd period - Slapshot by Andre Burakovsky.
2:45 of 2nd period - Stopped by Robin Lehner with a rebound.
3:04 of 2nd period - Snap shot by Braydon Coburn.
3:04 of 2nd period - Stopped by Robin Lehner with a rebound.
5:10 of 2nd period - Connor Brown is hit by Braydon Coburn and loses puck.
5:22 of 2nd period - Connor Brown is hit by Evgeni Malkin and loses puck.
5:29 of 2nd period - Braydon Coburn is hit by Drew Fata and loses puck.
5:34 of 2nd period - Wrist shot by Connor Brown.
5:34 of 2nd period - Stopped by John Gibson with a rebound.
5:36 of 2nd period - Backhand shot by Ryan O'Byrne.
5:36 of 2nd period - Stopped by John Gibson without a rebound.
5:37 of 2nd period - Brayden Schenn wins face-off versus Henrik Zetterberg in Maple Leafs zone.
6:24 of 2nd period - Snap shot by Patrice Cormier.
6:24 of 2nd period - Goal by Patrice Cormier - Maple Leafs : 1 - Red Wings : 1.
6:25 of 2nd period - Henrik Zetterberg wins face-off versus Evgeni Malkin in neutral zone.
6:40 of 2nd period - Snap shot by Marko Dano.
6:40 of 2nd period - Stopped by John Gibson without a rebound.
6:41 of 2nd period - Mike Richards wins face-off versus Brayden Schenn in Maple Leafs zone.
6:42 of 2nd period - Wrist shot by Connor Brown.
6:42 of 2nd period - Goal by Connor Brown - Maple Leafs : 1 - Red Wings : 2.
6:43 of 2nd period - Evgeni Malkin wins face-off versus Henrik Zetterberg in neutral zone.
7:10 of 2nd period - Philip Samuelsson is hit by Nick Ritchie and loses puck.
7:35 of 2nd period - Wrist shot by Tye McGinn.
7:35 of 2nd period - Shot Blocked by Scott Hartnell.
7:37 of 2nd period - Snap shot by Carson Mcmillan.
7:37 of 2nd period - Stopped by John Gibson without a rebound.
7:38 of 2nd period - Evgeni Malkin wins face-off versus Nino Niederreiter in Maple Leafs zone.
7:38 of 2nd period - Evgeni Malkin is hit by Jiri Fischer.
7:56 of 2nd period - Henrik Zetterberg is hit by Andre Burakovsky and loses puck.
8:56 of 2nd period - Snap shot by Patrice Cormier.
8:56 of 2nd period - Deflect By Brandon Saad.
8:56 of 2nd period - Stopped by Robin Lehner with a rebound.
9:17 of 2nd period - Snap shot by Claude Giroux.
9:17 of 2nd period - Shot Blocked by Kris Versteeg.
9:19 of 2nd period - Slapshot by Jon Merrill.
9:19 of 2nd period - Shot Misses the Net.
9:21 of 2nd period - Snap shot by Andre Burakovsky.
9:21 of 2nd period - Shot Misses the Net.
9:31 of 2nd period - Nino Niederreiter is hit by Ryan Parent and loses puck.
9:40 of 2nd period - Slapshot by Brayden Schenn.
9:40 of 2nd period - Stopped by Robin Lehner with a rebound.
9:57 of 2nd period - Minor Penalty to Ryan Parent for Boarding.
9:58 of 2nd period - Brayden Schenn wins face-off versus Henrik Zetterberg in Maple Leafs zone.
10:24 of 2nd period - Hampus Lindholm is hit by Connor Brown and loses puck.
10:54 of 2nd period - Off-side.
10:55 of 2nd period - Mike Richards wins face-off versus Brayden Schenn in neutral zone.
11:18 of 2nd period - Patrice Cormier is hit by Connor Brown.
11:35 of 2nd period - Brayden Schenn is hit by Philip Samuelsson.
11:45 of 2nd period - John Klingberg is hit by Nino Niederreiter.
11:57 of 2nd period - Penalty to Ryan Parent is over, Ryan Parent is back on ice.
12:12 of 2nd period - Andre Burakovsky is hit by T.J. Hensick and loses puck.
12:23 of 2nd period - Jiri Fischer is hit by Patrice Cormier and loses puck.
12:59 of 2nd period - Snap shot by Michael Frolik.
12:59 of 2nd period - Shot Misses the Net.
13:13 of 2nd period - Backhand shot by Jon Merrill.
13:13 of 2nd period - Stopped by Robin Lehner without a rebound.
13:14 of 2nd period - T.J. Hensick wins face-off versus Claude Giroux in Red Wings zone.
13:19 of 2nd period - Snap shot by Drew Fata.
13:19 of 2nd period - Shot Blocked by John Klingberg.
13:55 of 2nd period - Slapshot by T.J. Hensick.
13:55 of 2nd period - Shot Misses the Net.
13:57 of 2nd period - Backhand shot by T.J. Hensick.
13:57 of 2nd period - Stopped by John Gibson with a rebound.
14:07 of 2nd period - Wrist shot by Jordin Tootoo.
14:07 of 2nd period - Shot Misses the Net.
14:09 of 2nd period - Snap shot by Michael Haley.
14:09 of 2nd period - Deflect By Jordin Tootoo.
14:09 of 2nd period - Shot Misses the Net.
14:09 of 2nd period - Puck is out of play.
14:10 of 2nd period - Henrik Zetterberg wins face-off versus Brayden Schenn in Maple Leafs zone.
14:17 of 2nd period - Snap shot by Marko Dano.
14:17 of 2nd period - Deflect By Henrik Zetterberg.
14:17 of 2nd period - Stopped by John Gibson with a rebound.
14:25 of 2nd period - Wrist shot by Henrik Zetterberg.
14:25 of 2nd period - Shot Misses the Net.
14:27 of 2nd period - Snap shot by Nino Niederreiter.
14:27 of 2nd period - Deflect By Braydon Coburn.
14:27 of 2nd period - Stopped by John Gibson with a rebound.
14:39 of 2nd period - Snap shot by Dylan Larkin.
14:39 of 2nd period - Shot Misses the Net.
14:43 of 2nd period - Backhand shot by Dylan Larkin.
14:43 of 2nd period - Stopped by John Gibson without a rebound.
14:44 of 2nd period - Bo Horvat wins face-off versus Dylan Larkin in Maple Leafs zone.
14:44 of 2nd period - Bo Horvat is hit by Ryan O'Byrne.
14:50 of 2nd period - Slapshot by Hampus Lindholm.
14:50 of 2nd period - Shot Blocked by Ryan O'Byrne.
14:52 of 2nd period - Snap shot by Michael Frolik.
14:52 of 2nd period - Stopped by Robin Lehner with a rebound.
14:54 of 2nd period - Snap shot by Michael Frolik.
14:54 of 2nd period - Shot Blocked by Ryan O'Byrne.
14:56 of 2nd period - Snap shot by Michael Frolik.
14:56 of 2nd period - Shot Misses the Net.
14:58 of 2nd period - Slapshot by Scott Hartnell.
14:58 of 2nd period - Deflect By Michael Frolik.
14:58 of 2nd period - Deflect By Carson Mcmillan.
14:58 of 2nd period - Stopped by Robin Lehner without a rebound.
14:59 of 2nd period - Evgeni Malkin wins face-off versus Henrik Zetterberg in Red Wings zone.
15:22 of 2nd period - Minor Penalty to Ole-Kristian Tollefsen for High sticking.
15:23 of 2nd period - Evgeni Malkin wins face-off versus Kris Versteeg in Red Wings zone.
15:26 of 2nd period - Backhand shot by Claude Giroux.
15:26 of 2nd period - Stopped by Robin Lehner without a rebound.
15:27 of 2nd period - Evgeni Malkin wins face-off versus Kris Versteeg in Red Wings zone.
17:00 of 2nd period - Wrist shot by Scott Hartnell.
17:00 of 2nd period - Goal by Scott Hartnell - Maple Leafs : 2 - Red Wings : 2.
17:01 of 2nd period - Patrice Cormier wins face-off versus Henrik Zetterberg in neutral zone.
17:38 of 2nd period - Ole-Kristian Tollefsen is hit by Nick Ritchie and loses puck.
18:07 of 2nd period - Wrist shot by Henrik Zetterberg.
18:07 of 2nd period - Shot Misses the Net.
18:09 of 2nd period - Wrist shot by Henrik Zetterberg.
18:09 of 2nd period - Stopped by John Gibson with a rebound.
18:11 of 2nd period - Wrist shot by Nino Niederreiter.
18:11 of 2nd period - Shot Misses the Net.
18:13 of 2nd period - Wrist shot by Nino Niederreiter.
18:13 of 2nd period - Stopped by John Gibson with a rebound.
18:35 of 2nd period - John Klingberg is hit by Drew Fata and loses puck.
18:40 of 2nd period - Wrist shot by Henrik Zetterberg.
18:40 of 2nd period - Deflect By Nino Niederreiter.
18:40 of 2nd period - Shot Misses the Net.
18:40 of 2nd period - Puck is out of play.
18:41 of 2nd period - Evgeni Malkin wins face-off versus Mike Richards in Maple Leafs zone.
18:56 of 2nd period - Slapshot by Claude Giroux.
18:56 of 2nd period - Shot Misses the Net.
19:11 of 2nd period - Snap shot by Jiri Fischer.
19:11 of 2nd period - Stopped by John Gibson with a rebound.
19:51 of 2nd period - Snap shot by Kris Versteeg.
19:51 of 2nd period - Shot Misses the Net.
19:53 of 2nd period - Wrist shot by Connor Brown.
19:53 of 2nd period - Shot Misses the Net.
19:55 of 2nd period - Slapshot by Jakub Kindl.
19:55 of 2nd period - Stopped by John Gibson with a rebound.
Goals for this period are 2 for Maple Leafs vs 1 for Red Wings.
Shots for this period are 10 for Maple Leafs vs 14 for Red Wings.
3rd period
0:01 of 3rd period - Henrik Zetterberg wins face-off versus Evgeni Malkin in neutral zone.
0:46 of 3rd period - Ryan O'Byrne is hit by Pontus Aberg and loses puck.
1:02 of 3rd period - Slapshot by Connor Brown.
1:02 of 3rd period - Shot Blocked by Jon Merrill.
1:08 of 3rd period - Bo Horvat is hit by Kris Versteeg and loses puck.
1:33 of 3rd period - Snap shot by Kris Versteeg.
1:33 of 3rd period - Stopped by John Gibson with a rebound.
2:00 of 3rd period - Icing by Jiri Fischer.
2:01 of 3rd period - Evgeni Malkin wins face-off versus Mike Richards in Red Wings zone.
2:18 of 3rd period - Snap shot by Claude Giroux.
2:18 of 3rd period - Shot Blocked by Connor Brown.
3:46 of 3rd period - Wrist shot by Michael Frolik.
3:46 of 3rd period - Stopped by Robin Lehner without a rebound.
3:47 of 3rd period - Scott Hartnell wins face-off versus Dylan Larkin in Red Wings zone.
3:54 of 3rd period - Wrist shot by Michael Frolik.
3:54 of 3rd period - Shot Misses the Net.
4:25 of 3rd period - Slapshot by Dylan Larkin.
4:25 of 3rd period - Deflect By Michael Frolik.
4:25 of 3rd period - Shot Misses the Net.
4:25 of 3rd period - Puck is out of play.
4:26 of 3rd period - Henrik Zetterberg wins face-off versus Evgeni Malkin in Maple Leafs zone.
4:35 of 3rd period - Wrist shot by Henrik Zetterberg.
4:35 of 3rd period - Stopped by John Gibson with a rebound.
4:37 of 3rd period - Slapshot by Nino Niederreiter.
4:37 of 3rd period - Shot Blocked by Ryan Parent.
4:39 of 3rd period - Wrist shot by Nino Niederreiter.
4:39 of 3rd period - Shot Misses the Net.
4:41 of 3rd period - Slapshot by Ryan O'Byrne.
4:41 of 3rd period - Shot Blocked by Andre Burakovsky.
4:43 of 3rd period - Slapshot by Marko Dano.
4:43 of 3rd period - Shot Misses the Net.
5:02 of 3rd period - T.J. Hensick is hit by Zach Werenski and loses puck.
5:19 of 3rd period - Slapshot by Ryan O'Byrne.
5:19 of 3rd period - Shot Misses the Net.
5:42 of 3rd period - Wrist shot by T.J. Hensick.
5:42 of 3rd period - Goal by T.J. Hensick - Maple Leafs : 2 - Red Wings : 3.
5:43 of 3rd period - Brayden Schenn wins face-off versus Henrik Zetterberg in neutral zone.
6:09 of 3rd period - Connor Brown is hit by Michael Frolik and loses puck.
6:20 of 3rd period - Wrist shot by Connor Brown.
6:20 of 3rd period - Stopped by John Gibson without a rebound.
6:21 of 3rd period - Brayden Schenn wins face-off versus Henrik Zetterberg in Maple Leafs zone.
6:23 of 3rd period - Icing by Nick Ritchie.
6:24 of 3rd period - Henrik Zetterberg wins face-off versus Brayden Schenn in Maple Leafs zone.
6:27 of 3rd period - Snap shot by Henrik Zetterberg.
6:27 of 3rd period - Shot Misses the Net.
6:50 of 3rd period - Andre Burakovsky is hit by Kris Versteeg and loses puck.
7:19 of 3rd period - Dylan Larkin is hit by Bo Horvat and loses puck.
7:32 of 3rd period - Snap shot by Patrice Cormier.
7:32 of 3rd period - Shot Misses the Net.
7:45 of 3rd period - Minor Penalty to Brandon Saad for Hooking.
7:46 of 3rd period - Brayden Schenn wins face-off versus Henrik Zetterberg in Maple Leafs zone.
7:46 of 3rd period - Brayden Schenn is hit by Nino Niederreiter.
7:59 of 3rd period - Wrist shot by Henrik Zetterberg.
7:59 of 3rd period - Stopped by John Gibson with a rebound.
8:21 of 3rd period - Wrist shot by Mike Richards.
8:21 of 3rd period - Goal by Mike Richards - Maple Leafs : 2 - Red Wings : 4.
8:22 of 3rd period - Henrik Zetterberg wins face-off versus Evgeni Malkin in neutral zone.
8:25 of 3rd period - Claude Giroux is hit by Henrik Zetterberg and loses puck.
8:55 of 3rd period - Wrist shot by Jon Merrill.
8:55 of 3rd period - Shot Misses the Net.
9:19 of 3rd period - Snap shot by Connor Brown.
9:19 of 3rd period - Stopped by John Gibson with a rebound.
9:37 of 3rd period - Ryan Parent is hit by Henrik Zetterberg and loses puck.
10:20 of 3rd period - Philip Samuelsson is hit by John Klingberg and loses puck.
10:27 of 3rd period - Scott Hartnell is hit by Philip Samuelsson and loses puck.
10:59 of 3rd period - Snap shot by Jordin Tootoo.
10:59 of 3rd period - Shot Blocked by Zach Werenski.
11:01 of 3rd period - Snap shot by Michael Haley.
11:01 of 3rd period - Stopped by John Gibson with a rebound.
11:05 of 3rd period - Wrist shot by T.J. Hensick.
11:05 of 3rd period - Stopped by John Gibson with a rebound.
11:07 of 3rd period - Slapshot by Ryan O'Byrne.
11:07 of 3rd period - Stopped by John Gibson with a rebound.
11:09 of 3rd period - Wrist shot by Jordin Tootoo.
11:09 of 3rd period - Stopped by John Gibson without a rebound.
11:10 of 3rd period - Evgeni Malkin wins face-off versus Henrik Zetterberg in Maple Leafs zone.
11:37 of 3rd period - Connor Brown is hit by Hampus Lindholm.
11:48 of 3rd period - Connor Brown is hit by Nick Ritchie and loses puck.
12:44 of 3rd period - Snap shot by Claude Giroux.
12:44 of 3rd period - Shot Misses the Net.
13:51 of 3rd period - Wrist shot by Dylan Larkin.
13:51 of 3rd period - Deflect By Tye McGinn.
13:51 of 3rd period - Stopped by John Gibson with a rebound.
13:53 of 3rd period - Slapshot by Dylan Larkin.
13:53 of 3rd period - Shot Misses the Net.
14:25 of 3rd period - Patrice Cormier is hit by Jiri Fischer and loses puck.
14:38 of 3rd period - Bo Horvat is hit by Carson Mcmillan and loses puck.
14:53 of 3rd period - Philip Samuelsson is hit by Claude Giroux and loses puck.
15:55 of 3rd period - Off-side.
15:56 of 3rd period - Evgeni Malkin wins face-off versus Henrik Zetterberg in neutral zone.
16:29 of 3rd period - Minor Penalty to Tye McGinn for Tripping.
16:30 of 3rd period - Evgeni Malkin wins face-off versus Kris Versteeg in Red Wings zone.
16:32 of 3rd period - Snap shot by Evgeni Malkin.
16:32 of 3rd period - Goal by Evgeni Malkin - Maple Leafs : 3 - Red Wings : 4.
16:33 of 3rd period - Andre Burakovsky wins face-off versus Henrik Zetterberg in neutral zone.
16:46 of 3rd period - Snap shot by Marko Dano.
16:46 of 3rd period - Stopped by John Gibson without a rebound.
16:47 of 3rd period - Evgeni Malkin wins face-off versus Henrik Zetterberg in Maple Leafs zone.
16:47 of 3rd period - Evgeni Malkin is hit by Marko Dano.
17:01 of 3rd period - Snap shot by Evgeni Malkin.
17:01 of 3rd period - Stopped by Robin Lehner without a rebound.
17:02 of 3rd period - Tye McGinn wins face-off versus Brayden Schenn in Red Wings zone.
17:32 of 3rd period - Evgeni Malkin is hit by Marko Dano and loses puck.
18:04 of 3rd period - Icing by Michael Frolik.
18:05 of 3rd period - Mike Richards wins face-off versus Brayden Schenn in Maple Leafs zone.
18:08 of 3rd period - Wrist shot by Connor Brown.
18:08 of 3rd period - Stopped by John Gibson with a rebound.
18:10 of 3rd period - Minor Penalty to Nick Ritchie for Roughing.
18:11 of 3rd period - Henrik Zetterberg wins face-off versus Brayden Schenn in Maple Leafs zone.
18:55 of 3rd period - Backhand shot by Jon Merrill.
18:55 of 3rd period - Shot Blocked by Drew Fata.
19:07 of 3rd period - Snap shot by Nino Niederreiter.
19:07 of 3rd period - Shot Misses the Net.
19:09 of 3rd period - Wrist shot by Henrik Zetterberg.
19:09 of 3rd period - Stopped by John Gibson with a rebound.
Goals for this period are 1 for Maple Leafs vs 2 for Red Wings.
Shots for this period are 3 for Maple Leafs vs 15 for Red Wings.
Output by the SimonT Hockey Simulator (STHS) for Francois Prevost